 Dungeon Crawl Stone Soup version 0.17-a0-1617-gfba1302 (webtiles) character file.

8 thrall606 the Stinger (level 2, -2/19 HPs)
             Began as a Demonspawn Venom Mage on Aug 1, 2015.
             Slain by a kobold
             ... wielding a +0 short sword
              (5 damage)
             ... on level 1 of the Dungeon.
             The game lasted 00:02:20 (464 turns).

thrall606 the Stinger (Demonspawn Venom Mage)        Turns: 464, Time: 00:02:21

Health: -2/19      AC:  5    Str:  8    XL:     2   Next: 0%
Magic:  2/5        EV: 11    Int: 16    God:
Gold:   5          SH:  0    Dex: 13    Spells: 1 memorised, 4 levels left

rFire  . . .     SeeInvis .     e - +0 club
rCold  . . .     Clarity  .     g - +0 leather armour
rNeg   . . .     SustAt   .     (no shield)
rPois  .         Gourm    .     (no helmet)
rElec  .         Spirit   .     (no cloak)
rCorr  .         Warding  .     (no gloves)
rMut   .         Stasis   .     (no boots)
MR     .....                    (no amulet)
Stlth  ++........               (no ring)
                                (no ring)

@: not resistant to hostile enchantments, unstealthy
A: yellow scales 1
a: no special abilities


You were on level 1 of the Dungeon.
You were not hungry.

You visited 1 branch of the dungeon, and saw 1 of its levels.

You collected 5 gold pieces.

Inventory:

Hand weapons
 e - a +0 club (weapon)
Armour
 a - a +1 robe
 f - a +0 large shield
 g - a +0 leather armour (worn)
Books
 b - a Young Poisoner's Handbook

   Spells                             Type                      Level
   a - Sting                          Conjuration/Poison           1
   b - Cure Poison                    Poison                       2
   c - Mephitic Cloud                 Conjuration/Poison/Air       3
   d - Olgreb's Toxic Radiance        Poison                       4
   e - Venom Bolt                     Conjuration/Poison           5
Comestibles
 c - a bread ration
 d - 4 chunks of flesh


   Skills:
 + Level 1.7 Dodging
 + Level 1.8 Stealth
 + Level 2.0 Spellcasting
 + Level 4.3 Poison Magic


You had 4 spell levels left.
You knew the following spells:

 Your Spells              Type           Power        Failure   Level  Hunger
a - Sting                 Conj/Pois      #...         14%         1    #......


Dungeon Overview and Level Annotations

Branches:
Dungeon (1/15)

Altars:


Innate Abilities, Weirdness & Mutations

You are partially covered in yellow scales (AC +2).


Message History

* * * LOW HITPOINT WARNING * * *
The kobold barely misses you. The ooze hits you but does no damage.
The kobold barely misses you. The adder bites you but does no damage.
You closely miss the adder.
The adder is moderately wounded.
The adder barely misses you. The ooze hits you but does no damage.
The kobold hits you but does no damage.
You barely miss the adder.
The adder is moderately wounded.
The adder barely misses you. The ooze closely misses you.
The kobold hits you but does no damage. The adder misses you.
You hit the adder.
The adder is severely wounded.
The ooze closely misses you. The adder bites you but does no damage.
The kobold closely misses you. The adder closely misses you.
The ooze barely misses you.
You completely miss the adder.
The adder is severely wounded.
The kobold hits you with a short sword.
You die...

#.#.##.....# #.#..#
#.#.##.....# #.##.#
#.#.##.....# #.##..#
#........######.###.#
#.........(.....# #.# #####
#.$.............# #..
......#...............# ##.
.......((J.####.......####.
.........S@................
........#K............####.
...?............########...
..#####............ #... .
#...........b #...
#....#....... #...
#....#....... #...
#....#(...... #... #...


You could see an ooze, an adder and a kobold.

Vanquished Creatures
  3 bats (D:1)
  A giant cockroach (D:1)
  A hobgoblin (D:1)
  A giant newt (D:1)
  3 rats (D:1)
9 creatures vanquished.

Notes
Turn   | Place    | Note
--------------------------------------------------------------
     0 | D:1      | thrall606 the Demonspawn Venom Mage began the quest for the Orb.
     0 | D:1      | Reached XP level 1. HP: 13/13 MP: 3/3
     2 | D:1      | Noticed a spriggan
     4 | D:1      | Noticed a gargoyle
     6 | D:1      | Noticed a merfolk
     6 | D:1      | Noticed an elf
     8 | D:1      | Noticed an octopode
    10 | D:1      | Noticed a dwarf
    10 | D:1      | Noticed a centaur
    12 | D:1      | Noticed a draconian
    14 | D:1      | Noticed a tengu
    14 | D:1      | Noticed a demigod
    16 | D:1      | Noticed a minotaur
    16 | D:1      | Noticed a troll
    18 | D:1      | Noticed a naga
    18 | D:1      | Noticed a felid
    20 | D:1      | Noticed a ghoul
    20 | D:1      | Noticed a human
    22 | D:1      | Noticed a vampire
    24 | D:1      | Noticed a vine stalker
    24 | D:1      | Noticed a formicid
    26 | D:1      | Noticed a demonspawn
    26 | D:1      | Noticed an ogre
   429 | D:1      | Gained mutation: You are partially covered in yellow scales (AC +2). [demonic ancestry]
   429 | D:1      | Reached XP level 2. HP: 19/19 MP: 0/5
   464 | D:1      | Slain by a kobold

Vault maps used:
D:1:      kb_arrival_jail

Action                   || total
-------------------------++-------
Melee: Club              ||    14
 Cast: Sting             ||    12
  Use: Scroll            ||     2
       Potion            ||     1
